 Dungeon Crawl Stone Soup version 0.32-a0-931-g5a2cda0630 (webtiles) character file.

Game seed: 144943218720968690

3551092 Sergey the Convoker (level 25, 221/221 HPs)
             Began as a Mummy Conjurer on Apr 13, 2024.
             Was the Champion of Ashenzari.
             Escaped with the Orb
             ... and 5 runes
             ... and 1 gem!
             The game lasted 02:45:26 (60911 turns).

Sergey the Convoker (Mummy Conjurer)               Turns: 60911, Time: 02:45:27

Health: 221/221    AC: 22    Str: 14    XL:     25   Next: 96%
Magic:  53/53      EV: 20    Int: 30    God:    Ashenzari [******]
Gold:   4710       SH: 18    Dex: 13    Spells: 12/76 levels left

rFire   + . .        q - staff "Share My Omen" (curse) {rElec Air, Dev, Self} (curse)
rCold   + + +        I - +5 Storm Queen's Shield {shock, Fly rElec, Fort, Cun} (curse)
rNeg    + + +        J - +0 troll leather armour "Eternal With Me" {^Contam rF+ rC+ Will+++ Regen+, Elem, Comp} (curse)
rPois   ∞            b - +2 helmet of Ashenzari's Fallacy {Int+3, Sorc, Self} (curse)
rElec   +            j - +2 cloak "Manifest Water Diviner" {rCorr, Self, Elem} (curse)
rCorr   +            t - +2 pair of gloves "Jealousy of Ashenzari" {Dex+3, Dev, Elem} (curse)
SInv    +            u - +2 pair of boots of the Pangnostic Sphere {Sorc, Cun} (curse)
Will    +++++        E - amulet of Vitality {Regen++ RegenMP++, Cun, Self} (curse)
Stlth   ++           d - ring of the Bound Anarchy {AC+4, Comp, Bglg} (curse)
HPRegen 2.96/turn    s - ring of Ashenzari's Stoicism {rF+ rC+ Str+3 Dex-2 Stlth+, Sorc, Self} (curse)
MPRegen 1.13/turn

%: clarity, faith
@: on dragon call cooldown, flying, studying Alchemy
A: cold resistance 1, negative energy resistance 3, torment resistance 2, heat
vulnerability 1, in touch with death 2, no potions, faith
0: Orb of Zot
}: 5/15 runes: decaying, slimy, silver, abyssal, gossamer
a: Renounce Religion, Shatter the Chains


You escaped.
You worshipped Ashenzari.
Ashenzari was exalted by your worship.
You visited 11 branches of the dungeon, and saw 53 of its levels.
You visited the Abyss 1 time.
You visited 2 bazaars.
You also visited: Trove, Bailey, Gauntlet, Ice Cave and Volcano.

You collected 9147 gold pieces.
You spent 4437 gold pieces at shops.

Inventory:

Missiles
 h - 4 throwing nets
 l - 7 javelins
 o - 9 darts of dispersal
 A - 15 curare-tipped darts
 D - 37 boomerangs
Armour
 b - the cursed +2 helmet of Ashenzari's Fallacy (worn) {Int+3, Sorc, Self}
   (You found it in an ice cave)

   It has a curse which improves the following skills: Sorcery: Conjurations and
   Alchemy.
   Introspection: Fighting and Spellcasting.
 j - the cursed +2 cloak "Manifest Water Diviner" (worn) {rCorr, Self, Elem}
   (You found it on level 5 of the Vaults)

   It has a curse which improves the following skills: Introspection: Fighting
   and Spellcasting.
   Elements:  Fire Magic, Ice Magic, Air Magic and Earth Magic.
 t - the cursed +2 pair of gloves "Jealousy of Ashenzari" (worn) {Dex+3, Dev, Elem}
   (You bought it in a shop in a bazaar)

   It has a curse which improves the following skills: Devices: Evocations.
   Elements:  Fire Magic, Ice Magic, Air Magic and Earth Magic.
 u - the cursed +2 pair of boots of the Pangnostic Sphere (worn) {Sorc, Cun}
   (You found it on level 5 of the Dungeon)

   It has a curse which improves the following skills: Sorcery: Conjurations and
   Alchemy.
   Cunning:   Dodging and Stealth.
 w - the +1 hat of the Eternal Void {Will+ Regen+ Int+3 Slay+3}
   (You found it in a treasure trove)

   Int+3:     It affects your intelligence (+3).
   Slay+3:    It affects your accuracy & damage with ranged weapons and melee
   (+3).
   Will+:     It increases your willpower.
   Regen+:    It increases your rate of health regeneration.
 F - a +1 pair of boots of flying
 I - the cursed +5 Storm Queen's Shield (worn) {shock, Fly rElec, Fort, Cun}
   (You found it on level 4 of the Swamp)

   Shock:     When it blocks an attack, it may electrocute the attacker.
   This works even against foes who are a short distance away.
   rElec:     It insulates you from electricity.
   Fly:       It grants you flight.
   It has a curse which improves the following skills: Fortitude: Armour and
   Shields.
   Cunning:   Dodging and Stealth.
 J - the cursed +0 troll leather armour "Eternal With Me" (worn) {^Contam rF+ rC+ Will+++ Regen+, Elem, Comp}
   (You bought it in a shop in a bazaar)

   rF+:       It protects you from fire.
   rC+:       It protects you from cold.
   Will+++:   It greatly increases your willpower.
   ^Contam:   It causes magical contamination when unequipped.
   Regen+:    It increases your rate of health regeneration.
   It has a curse which improves the following skills: Elements: Fire Magic, Ice
   Magic, Air Magic and Earth Magic.
   Companions: Summonings and Necromancy.
 L - the +7 scale mail of the Pink Corner {rElec rF+ rCorr SInv}
   (You bought it in a shop in a bazaar)

   rF+:       It protects you from fire.
   rElec:     It insulates you from electricity.
   SInv:      It lets you see invisible.
   rCorr:     It protects you from acid and corrosion.
 U - a scarf of resistance
 X - the +0 pair of boots "Zuseoxim" {rElec rN++ Regen+ Slay-4}
   (You bought it in a shop in a bazaar)

   Slay-4:    It affects your accuracy & damage with ranged weapons and melee
   (-4).
   rElec:     It insulates you from electricity.
   rN++:      It greatly protects you from negative energy.
   Regen+:    It increases your rate of health regeneration.
Magical Staves
 q - the cursed staff "Share My Omen" (weapon) {rElec Air, Dev, Self}
   (You found it on level 3 of the Dungeon)

   [staff of air]

   Base accuracy: +5 Base damage: 5 Base attack delay: 1.2 This weapon's minimum
   attack delay (0.6) is reached at skill level 12.
   rElec:     It insulates you from electricity.
   Air:       It increases the power of your Air spells.
   It falls into the 'Staves' category.
   It is a one-handed weapon.
   It has a curse which improves the following skills: Devices: Evocations.
   Introspection: Fighting and Spellcasting.
Jewellery
 d - the cursed ring of the Bound Anarchy (left hand) {AC+4, Comp, Bglg}
   (You took it off Sigmund on level 2 of the Dungeon)

   [ring of protection]

   AC+4:      It affects your AC (+4).
   It has a curse which improves the following skills: Companions: Summonings
   and Necromancy.
   Beguiling: Hexes and Translocations.
 k - a ring of protection from fire
 m - the ring "Pogeetuc" {Will++ EV+5}
   (You found it on level 5 of the Vaults)

   [ring of evasion]

   EV+5:      It affects your evasion (+5).
   Will++:    It greatly increases your willpower.
 s - the cursed ring of Ashenzari's Stoicism (right hand) {rF+ rC+ Str+3 Dex-2 Stlth+, Sorc, Self}
   (You found it in a Gauntlet)

   [ring of protection from fire]

   Str+3:     It affects your strength (+3).
   Dex-2:     It affects your dexterity (-2).
   rF+:       It protects you from fire.
   rC+:       It protects you from cold.
   Stlth+:    It makes you more stealthy.
   It has a curse which improves the following skills: Sorcery: Conjurations and
   Alchemy.
   Introspection: Fighting and Spellcasting.
 C - the ring "Myifaaj" {Wiz rCorr Str-2 Slay+5 Stlth-}
   (You took it off a deep elf high priest on level 3 of the Elven Halls)

   [ring of wizardry]

   Wiz:       It improves your spell success rate.
   Str-2:     It affects your strength (-2).
   Slay+5:    It affects your accuracy & damage with ranged weapons and melee
   (+5).
   rCorr:     It protects you from acid and corrosion.
   Stlth-:    It makes you less stealthy.
 E - the cursed amulet of Vitality (around neck) {Regen++ RegenMP++, Cun, Self}
   (You found it in a bailey)

   [amulet of nothing]

   Regen++:   It increases your rate of health regeneration.
   RegenMP++: It increases your rate of magic regeneration.
   It has a curse which improves the following skills: Cunning: Dodging and
   Stealth.
   Introspection: Fighting and Spellcasting.
 H - the amulet of Eredit {Reflect rPois Dex+3 SH+5}
   (You found it on level 5 of the Vaults)

   [amulet of reflection]

   Reflect:   It reflects blocked missile attacks.
   Dex+3:     It affects your dexterity (+3).
   rPois:     It protects you from poison.
   SH+5:      It affects your SH (+5).
 V - a +4 ring of protection
 Z - the amulet of Puabu {Spirit Will+ Dex+5}
   (You took it off a white draconian in an ice cave)

   [amulet of guardian spirit]

   Spirit:    It causes incoming damage to be divided between your reserves of
   health and magic.
   Dex+5:     It affects your dexterity (+5).
   Will+:     It increases your willpower.
Wands
 c - a wand of acid (19)
 i - a wand of iceblast (39)
 v - a wand of digging (8)
 N - a wand of flame (78)
 S - a wand of paralysis (35)
 T - a wand of mindburst (42)
Scrolls
 a - 4 scrolls of vulnerability {!r}
 e - 7 scrolls of blinking {@r4}
 f - 15 scrolls of fog {@r2}
 g - 21 scrolls of teleportation {@r3}
 n - 4 scrolls of torment
 p - 6 scrolls of noise
 x - 3 scrolls of immolation
 y - 5 scrolls of amnesia
 K - 15 scrolls of enchant weapon
 M - 2 scrolls of silence {!r}
 O - 4 scrolls of summoning
 P - 4 scrolls of brand weapon
 Q - a scroll of revelation {@r5}
 W - 6 scrolls of poison
Miscellaneous
 B - a tin of tremorstones (2/2)
 G - a Gell's gravitambourine (1/2)
 R - a lightning rod (4/4)
 Y - a phantom mirror


   Skills:
 + Level 16.5(23.0) Fighting
 - Level 9.5(12.0) Armour
 - Level 17.4(22.0) Dodging
 - Level 4.0(8.2) Stealth
 - Level 12.9(15.3) Shields
 - Level 19.7(26.0) Spellcasting
 - Level 7.2(11.9) Conjurations
 - Level 1.8(3.6) Hexes
 - Level 20.6(23.8) Summonings
 - Level 5.5(8.0) Translocations
 - Level 9.0(13.7) Air Magic
 - Level 6.8(11.4) Earth Magic
 - Level 14.4(18.0) Evocations


You had 12 spell levels left.
You knew the following spells:

 Your Spells              Type           Power      Damage    Failure   Level
a - Bombard               Conj/Erth      41%        9d7       1%          6
b - Magic Dart            Conj           100%       1d8       0%          1
c - Airstrike             Air            55%        2d(8-24)  1%          4
d - Dragon's Call         Summ           55%        N/A       9%          9
e - Shock                 Conj/Air       100%       1d9       0%          1
f - Summon Forest         Summ/Tloc      47%        N/A       1%          5
g - Summon Cactus Giant   Summ           55%        N/A       0%          6
o - Malign Gateway        Summ/Tloc      47%        N/A       1%          7
r - Irradiate             Conj/Alch      33%        3d22      3%          5
s - Spellforged Servitor  Conj/Summ      49%        N/A       1%          7
v - Summon Mana Viper     Hex/Summ       88%        N/A       1%          5
z - Arcjolt               Conj/Air       54%        1d64      1%          5
C - Swiftness             Air            100%       N/A       0%          3

Your spell library contained the following spells:

 Spells                   Type           Power      Damage    Failure   Level
 Summon Small Mammal      Summ           100%       N/A       0%          1
 Call Imp                 Summ           100%       N/A       0%          2
 Searing Ray              Conj           100%       2d8       0%          2
 Animate Armour           Summ/Erth      100%       N/A       0%          4
 Apportation              Tloc           100%       N/A       1%          1
 Foxfire                  Conj/Fire      100%       2x1d9     1%          1
 Freeze                   Ice            100%       1d10      1%          1
 Kiss of Death            Conj/Necr      100%       2d13      1%          1
 Necrotise                Necr           100%       1d9       1%          1
 Sting                    Conj/Alch      100%       1d9       1%          1
 Ensorcelled Hibernation  Hex/Ice        100%       N/A       1%          2
 Lesser Beckoning         Tloc           100%       N/A       1%          2
 Mercury Vapours          Alch/Air       100%       N/A       1%          2
 Confusing Touch          Hex            57%        N/A       1%          3
 Hailstorm                Conj/Ice       67%        3d12      1%          3
 Inner Flame              Hex/Fire       51%        N/A       1%          3
 Maxwell's Portable Pile  Tloc           72%        2d(12-35) 1%          3
 Mephitic Cloud           Conj/Alch/Air  95%        N/A       1%          3
 Passwall                 Erth           82%        N/A       1%          3
 Stone Arrow              Conj/Erth      100%       3d13      1%          3
 Teleport Other           Tloc           72%        N/A       1%          3
 Dimensional Bullseye     Hex/Tloc       32%        N/A       1%          4
 Fulminant Prism          Conj/Alch      33%        3d16      1%          4
 Iskenderun's Mystic Bla  Conj/Tloc      78%        2d16      (+2d81%     4
 Leda's Liquefaction      Alch/Erth      33%        N/A       1%          4
 Petrify                  Alch/Erth      66%        N/A       1%          4
 Vhi's Electric Charge    Tloc/Air       100%       N/A       1%          4
 Freezing Cloud           Conj/Ice/Air   47%        6-21      1%          5
 Iskenderun's Battlesphe  Conj           84%        2d13      1%          5
 Summon Hydra             Summ           55%        N/A       1%          7
 Frozen Ramparts          Ice            86%        1d13      3%          3
 Fugue of the Fallen      Necr           76%        N/A       3%          3
 Ozocubu's Armour         Ice            43%        N/A       3%          3
 Cause Fear               Hex            28%        N/A       3%          4
 Borgnjor's Vile Clutch   Necr/Erth      53%        N/A       3%          5
 Fireball                 Conj/Fire      33%        3d14      3%          5
 Anguish                  Hex/Necr       43%        N/A       6%          4
 Dispersal                Tloc           36%        N/A       9%          6
 Gell's Gavotte           Tloc           36%        2d(27-41) 9%          6
 Haunt                    Necr/Summ      64%        N/A       9%          7
 Ignite Poison            Fire/Alch      43%        N/A       11%         4
 Olgreb's Toxic Radiance  Alch           43%        N/A       11%         4
 Sticky Flame             Fire/Alch      43%        2d8       11%         4
 Animate Dead             Necr           76%        N/A       12%         4
 Dispel Undead            Necr           76%        3d25      12%         4
 Plasma Beam              Fire/Air       44%        2x1d58    12%         6
 Starburst                Conj/Fire      33%        6d10      16%         6
 Metabolic Englaciation   Hex/Ice        25%        N/A       17%         5
 Yara's Violent Unravell  Hex/Alch       25%        3d11      17%         5
 Lehudib's Crystal Spear  Conj/Erth      41%        10d10     61%         8
 Sculpt Simulacrum        Ice/Alch       21%        N/A       86%         6
 Death Channel            Necr           38%        N/A       87%         6
 Ignition                 Fire           21%        3d8       100%        8
 Infestation              Necr           38%        N/A       100%        8
 Chain Lightning          Conj/Air       54%        3d72      100%        9
 Sublimation of Blood     Necr           Unusable   N/A       N/A         2

Dungeon Overview and Level Annotations

Branches:
Dungeon (15/15)            Temple (1/1) D:6            Lair (5/5) D:11
  Swamp (4/4) Lair:2       Spider (4/4) Lair:3        Slime (5/5) Lair:5
    Orc (2/2) D:10            Elf (3/3) Orc:2        Vaults (5/5) D:13
  Crypt (0/3) Vaults:2     Depths (4/4) D:15            Zot (5/5) Depths:4
 Bailey (visited)           IceCv (visited)         Volcano (visited)
Gauntlet (visited)

Altars:
Ashenzari
Cheibriados
Dithmenos
Fedhas
Gozag
Hepliaklqana
Kikubaaqudgha
Makhleb
Nemelex Xobeh
Okawaru
Qazlal
Ru
Sif Muna
Trog
Uskayaw
Vehumet
Wu Jian
Xom
Yredelemnul
Jiyva

Shops:
D:2 !   D:6 :   Orc:2 (*((   Elf:1 [   Elf:2 *:   Vaults:1 [   Vaults:2 =
Vaults:4 *   Depths:1 :   Depths:3 ::

Portals:
Hell: Depths:1 Depths:2 Depths:3 Depths:4
Abyss: Depths:1
Pandemonium: Depths:2
Ziggurat: Depths:4

Annotations:
D:2 exclusion: 2 downstairs
D:7 3 runed translucent doors, exclusions: downstairs and 5 more exclusions, TobyConnect's ghost, novice DsCj
D:9 1 runed translucent door
D:11 2 runed translucent doors, exclusion: orange crystal statue
D:13 1 exclusion
D:15 1 runed translucent door, Taqeg's ghost, journeyman MfSh
Swamp:2 exclusion: downstairs
Swamp:3 2 transporters, exclusion: orange crystal statue
Elf:2 3 runed translucent doors
Depths:2 3 runed translucent doors, Deaqeck's ghost, veteran DgCj
Depths:4 3 runed translucent doors, Noatwadiu's ghost, veteran OnGl
Zot:2 1 transporter


Innate Abilities, Weirdness & Mutations

You are immune to poison.
Your flesh is cold resistant. (rC+)
You are immune to negative energy. (rN+++)
You are immune to unholy pain and torment.
You are vulnerable to heat. (rF-)
You are strongly in touch with the powers of death.
You do not drink.
You have a special connection with the divine. (Faith)


Message History

Your dryad calls out to the forest.
Vines fly forth from the trees!
Your quicksilver dragon bites the large abomination!!
The large abomination is destroyed!
The large abomination disappears in a puff of smoke!
Your eldritch tentacle misses Qairghaaso.
Your eldritch tentacle barely misses Qairghaaso.
Something hits your storm dragon.
Qairghaaso gestures at your golden dragon.
Your iron dragon resists with almost no effort.
A dragon arrives to answer your call!
Your storm dragon bites Qairghaaso.
Your storm dragon closely misses Qairghaaso. x2
Your snaplasher vine closely misses the tentacled monstrosity.
Your eldritch tentacle closely misses Qairghaaso.
Your eldritch tentacle claws Qairghaaso!
Qairghaaso is engulfed in flames.
Qairghaaso resists.
The tentacled monstrosity tentacle-slaps your eldritch tentacle segment.
The tentacled monstrosity tentacle-slaps your eldritch tentacle segment!
The tentacled monstrosity tentacle-slaps your eldritch tentacle segment.
Your snaplasher vine hits the tentacled monstrosity!
Your iron dragon breathes metal splinters at Qairghaaso.
The spray of metal splinters hits Qairghaaso!!
Qairghaaso dies!
The large abomination disappears in a puff of smoke!
The tentacled monstrosity disappears in a puff of smoke!
Your Gell's gravitambourine (1/2) jingles faintly as it regains its power.
You reach down and open the door.
There is an open door here.
Space becomes stable.
Your dryad disappears in a puff of smoke!
Magic restored.
You sense a monster nearby.
Your iron dragon disappears in a puff of smoke!
You sense a monster nearby.
The roar of the dragon horde subsides.
There is an open door here.
There is a staircase leading out of the dungeon here.
Unknown command.
Unknown command.
You have escaped!

....######.............######.###
....##...#+#..........'#...##....
....#.....##.####.#####÷....#####
.####.....##.###⌠.### #.....# #.
.####....)##...##...###.....####.
....##...#'..#'###'...'#...##....
....###########...##########.....
....# #.....# #..### ....#
#..@..# #..... ....# #.....#
##.### ....# ##...## #.# ....#
##### ###.## ....# #....# ....#
#.#..# ....# #.#..## ....#
#.#.... ##### #.###.#


There were no monsters in sight!

Vanquished Creatures
  the Royal Jelly (Slime:5)
  Boris (Depths:1)
  A caustic shrike (Depths:1)
  A golden dragon (Zot:5)
  Norris (Elf:1)
  Arachne (Spider:4)
  A lich (Vaults:5)
  3 tentacled monstrosities
  8 Orb Guardians
  A deep elf master archer (Elf:3)
  2 sphinxes
  2 deep elf blademasters (Elf:3)
  5 acid blobs (Slime:5)
  2 quicksilver dragons
  Frances (Swamp:1)
  A walking divine tome (Depths:2)
  Gastronok (D:12)
  3 tengu reavers (Vaults:5)
  2 shadow dragons (Zot:3)
  4 azure jellies (Slime:5)
  A rockslime (Slime:5)
  Aizul (Swamp:2)
  2 storm dragons
  A protean progenitor (Zot:3)
  2 draconian monks (Zot:3)
  A fire giant (Depths:2)
  6 deep elf sorcerers
  2 emperor scorpions
  2 deep elf elementalists (Elf:3)
  2 frost giants
  2 ghost moths
  An iron dragon (Vaults:5)
  9 vault wardens
  A balrug (Depths:1)
  13 ironbound preservers
  A ghoul (Swamp:4)
  4 formless jellyfish
  7 quicksilver oozes (Slime:5)
  8 ironbound thunderhulks
  2 very ugly things
  A vampire knight (Depths:2)
  4 green draconians (Zot:3)
  7 broodmothers
  4 stone giants
  2 black draconians
  8 bunyips
  4 deep elf demonologists
  2 eleionomae
  4 deep elf death magi
  A purple draconian (Zot:5)
  A yellow draconian (Zot:2)
  4 deep elf annihilators
  A minotaur (Gauntlet)
  4 dire elephants (Vaults:1)
  5 white draconians
  7 ettins
  An entropy weaver (shapeshifter) (Elf:2)
  Josephine (D:12)
  5 entropy weavers
  5 deep elf high priests
  5 yaktaur captains
  4 fire dragons
  3 shambling mangroves (Swamp:4)
  A rakshasa (Depths:2)
  12 vault guards
  Harold (D:11)
  2 ice dragons (Depths:2)
  18 hydras
  4 catoblepae
  A ghost crab (Swamp:3)
  7 great orbs of eyes
  4 jorogumos
  7 ironbound frosthearts
  2 radroaches
  8 alligators
  2 two-headed ogres
  A death knight (D:13)
  An ogre mage (Vaults:5)
  Erica (D:8)
  A centaur warrior (D:14)
  2 deep troll shamans (Depths:3)
  3 tengu warriors
  5 boulder beetles
  9 death yaks
  A hell hog (Depths:3)
  3 dancing weapons
  A vampire mage (Vaults:2)
  An occultist (D:15)
  5 orc high priests (Orc:2)
  3 demonic crawlers
  11 hell knights
  A sun demon (Depths:3)
  Urug (D:12)
  9 deep elf knights
  3 pharaoh ants
  5 skysharks
  A sixfirhy (Abyss:4)
  5 skeletal warriors (D:15)
  6 goliath frogs
  2 spriggan druids (Swamp:3)
  49 deep trolls
  11 deep elf archers
  3 arcanists
  5 orb spiders (Spider:4)
  2 glowing orange brains
  8 bog bodies
  22 deep elf pyromancers
  4 phantasmal warriors
  12 lindwurms
  10 swamp dragons
  A steelbarb worm (Spider:3)
  19 ironbound convokers
  Pikel (D:9)
  An orange crystal statue (Zot:5)
  6 thermic dynamos (Elf:3)
  21 deep elf zephyrmancers
  A large abomination (Zot:3)
  20 wolf spiders
  7 necromancers
  2 oklob plants (Lair:4)
  6 orc knights
  2 will-o-the-wisps
  27 ugly things
  2 cyclopes
  6 manticores
  3 orc sorcerers
  13 moths of wrath
  10 meliai
  5 elephants (Lair:4)
  2 black mambas
  A black mamba (shapeshifter) (D:15)
  A water nymph (shapeshifter) (Vaults:5)
  2 eyes of devastation (Slime:5)
  14 vault sentinels
  A gargoyle (D:13)
  6 torpor snails
  3 storm dragon simulacra (IceCv)
  3 rime drakes
  7 cane toads
  An unseen horror (D:13)
  4 freezing wraiths
  A cane toad (shapeshifter) (D:13)
  18 yaktaurs
  An efreet (D:15)
  15 nameless horrors
  7 komodo dragons
  4 tengu conjurers
  7 golden dragon simulacra (IceCv)
  2 kobold demonologists (D:7)
  A tormentor (D:10)
  5 trolls
  3 polar bears
  9 tyrant leeches
  An ancient zyme (Abyss:2)
  A queen bee (Lair:4)
  A wolf spider simulacrum (D:15)
  25 jumping spiders
  22 tarantellas
  25 hornets
  A human skeleton (Vaults:3)
  16 blink frogs
  3 bloated husks
  15 dream sheep
  A glass eye (Slime:5)
  A slime creature (shapeshifter) (D:13)
  Sigmund (D:2)
  40 slime creatures
  6 water elementals
  2 air elementals
  2 shadows (Gauntlet)
  11 spriggans
  7 wraiths
  6 wyverns
  A centaur simulacrum (D:14)
  5 vampires
  27 culicivoras
  A spriggan (shapeshifter) (D:14)
  5 fire bats
  83 yaks
  2 yaks (shapeshifter)
  5 wargs
  A golden eye (Slime:5)
  4 basilisks
  A steam dragon (Lair:4)
  A redback (shapeshifter) (Vaults:5)
  9 vampire mosquitoes
  A neqoxec (Gauntlet)
  A fire elemental (Elf:1)
  46 redbacks
  4 chaos spawn
  11 swamp worms
  An acid dragon (D:13)
  17 water moccasins
  16 swamp drakes
  A meliai simulacrum (D:15)
  2 ice beasts
  A sky beast (D:6)
  3 black bears
  39 orc warriors
  2 laughing skulls (D:14)
  2 ice dragon simulacra (IceCv)
  4 ogres
  2 centaurs (D:9)
  14 wolves
  3 kobold brigands
  11 bullfrogs
  A gnoll sergeant (D:9)
  An earth elemental (Elf:2)
  2 scorpions
  10 wights (D:8)
  47 killer bees
  6 lindwurm simulacra (IceCv)
  7 howler monkeys
  3 electric eels
  2 jellies (D:5)
  A bombardier beetle (D:5)
  5 hounds
  20 orc priests
  2 iguanas
  A sleepcap (D:7)
  Natasha (thrice) (D:2)
  20 orc wizards
  5 hell rats (Lair:1)
  Robin (D:2)
  8 gnolls
  7 adders
  2 shadow imps
  2 white imps
  3 dart slugs
  3 ribbon worms (D:2)
  67 orcs
  13 ball pythons
  3 endoplasms
  3 giant cockroaches
  22 goblins
  8 hobgoblins
  4 jackals (D:1)
  34 kobolds
  3 quokkas
  9 bats
  2 frilled lizards
  A rat (D:1)
  A snaplasher vine (D:15)
1585 creatures vanquished.

Vanquished Creatures (collateral kills)
  A dread lich (Zot:5)
  5 orbs of fire (Zot:5)
  4 ancient liches
  A juggernaut (Depths:4)
  Sojobo (Vaults:4)
  Boris (thrice) (Vaults:1 Depths:4 Depths:1)
  6 Killer Klowns
  Margery (Vaults:4)
  5 caustic shrikes
  3 curse toes
  Jory (Vaults:4)
  6 golden dragons
  2 Tzitzimimeh
  A hellephant (Vaults:4)
  14 tentacled monstrosities
  An Ice Fiend (Depths:1)
  2 electric golems (Zot:5)
  19 Orb Guardians
  8 liches
  2 quicksilver dragons
  Asterion (Depths:1)
  5 titans (Vaults:5)
  7 acid blobs (Slime:5)
  An eldritch tentacle (Zot:5)
  A tentacled starspawn (Abyss:4)
  2 Executioners
  4 death cobs
  6 tengu reavers
  2 pandemonium lords
  13 storm dragons
  7 shadow dragons
  2 azure jellies (Slime:5)
  8 fire giants
  3 draconian monks
  3 draconian shifters
  A draconian scorcher (Zot:3)
  7 rockslimes (Slime:5)
  3 draconian knights
  A ghost moth (Zot:3)
  A balrug (Depths:2)
  2 vault wardens (Vaults:5)
  6 frost giants
  3 deep elf elementalists
  6 ironbound preservers
  4 deep elf sorcerers (Elf:3)
  An emperor scorpion (Spider:4)
  A draconian annihilator (Zot:5)
  2 draconian stormcallers (Zot:3)
  A cacodemon (Depths:3)
  2 ghouls
  A broodmother (Spider:4)
  A formless jellyfish (Slime:5)
  2 spriggan defenders
  3 quicksilver oozes (Slime:5)
  13 stone giants
  20 very ugly things
  A deep elf death mage (Elf:3)
  11 green draconians
  6 deep elf annihilators
  An eleionoma (Swamp:1)
  A vampire knight (Depths:4)
  A deep elf demonologist (Vaults:5)
  A lorocyproca (Zot:2)
  6 yellow draconians
  3 white draconians
  6 black draconians
  A war gargoyle (Vaults:5)
  A bunyip (Swamp:1)
  A purple draconian (Zot:5)
  2 spark wasps
  8 red draconians
  7 fire dragons
  2 jiangshi (Depths:2)
  2 ettins (Vaults:5)
  6 yaktaur captains (Vaults:5)
  6 deep elf high priests
  An entropy weaver (shapeshifter) (Depths:3)
  5 great orbs of eyes
  4 ice dragons
  3 spriggan air magi
  26 vault guards
  5 hydras
  A rakshasa (Depths:2)
  An alligator (Swamp:3)
  A jorogumo (Spider:1)
  A catoblepas (Gauntlet)
  2 centaur warriors
  A radroach (Spider:4)
  3 ogre magi
  2 dancing weapons (Elf:2)
  10 deep troll earth magi
  A death yak (Lair:5)
  4 deep troll shamans
  A demonic crawler (Spider:1)
  4 occultists
  A vampire mage (Depths:2)
  5 nameless horrors
  3 sun demons
  2 spriggan berserkers
  3 tengu warriors
  A wretched star (Abyss:4)
  14 hell knights
  A sixfirhy (Depths:2)
  2 pharaoh ants
  A goliath frog (Zot:3)
  5 iron trolls
  27 deep trolls
  4 orb spiders (Spider:4)
  A salamander mystic (Depths:2)
  3 deep elf archers
  2 glowing orange brains
  A mana viper (Abyss:4)
  An arcanist (Vaults:4)
  A phantasmal warrior (Vaults:5)
  An orange crystal statue (IceCv)
  A spriggan druid (Swamp:4)
  A deep troll (shapeshifter) (Vaults:5)
  A swamp dragon (Swamp:4)
  A steelbarb worm (Spider:4)
  2 large abominations
  2 orc knights
  A thermic dynamo (Elf:3)
  2 deep elf pyromancers
  7 wolf spiders
  4 ironbound convokers
  8 necromancers
  A deep elf zephyrmancer (Elf:2)
  2 shining eyes (Slime:5)
  7 salamanders
  20 ugly things
  12 moths of wrath
  A molten gargoyle (Gauntlet)
  An orange demon (Depths:3)
  An eye of devastation (Slime:5)
  An ice statue (Elf:3)
  A smoke demon (Depths:3)
  5 vault sentinels (Vaults:5)
  A gargoyle (Gauntlet)
  2 tengu conjurers
  3 freezing wraiths (Vaults:5)
  An ancient zyme (Abyss:4)
  A golden dragon simulacrum (IceCv)
  4 tarantellas
  A tyrant leech (Swamp:2)
  2 hornets
  A glass eye (shapeshifter) (Vaults:5)
  8 jumping spiders (Spider:1)
  4 human skeletons (Vaults:3)
  A glass eye (Slime:5)
  A tarantella (shapeshifter) (Depths:2)
  2 slime creatures (Slime:5)
  An air elemental (Elf:2)
  A culicivora (Spider:4)
  6 spriggans
  A ynoxinul (Depths:2)
  A vampire (Abyss:4)
  A fire elemental (Elf:2)
  A warg (Orc:2)
  4 fire bats (Abyss:4)
  5 yaks
  10 redbacks
  3 vampire mosquitoes (Swamp:2)
  3 chaos spawn
  2 swamp worms (Swamp:1)
  8 orc warriors
  4 wolves (Depths:3)
  2 ogres (Orc:2)
  5 earth elementals
  2 lindwurm simulacra (IceCv)
  8 orc priests
  An iron imp (D:12)
  6 orcs
  A starspawn tentacle (Abyss:4)
650 creatures vanquished.

Vanquished Creatures (others)
  4 eldritch tentacles
  A deep elf knight (Elf:2)
  2 chaos spawn (Abyss:4)
  6 foxfires (Swamp:1)
  24 snaplasher vines
  3 starspawn tentacles (Abyss:4)
40 creatures vanquished.

Grand Total: 2275 creatures vanquished

Notes
Turn   | Place    | Note
-------+----------+-------------------------------------------
     0 | D:1      | Sergey the Mummy Conjurer began the quest for the Orb.
     0 | D:1      | Reached XP level 1. HP: 13/13 MP: 4/4
  1068 | D:1      | Reached XP level 2. HP: 20/20 MP: 3/6
  1099 | D:1      | Learned a level 2 spell: Searing Ray
  1198 | D:1      | Reached skill level 1 in Fighting
  1666 | D:1      | Reached XP level 3. HP: 26/26 MP: 1/7
  2180 | D:2      | Noticed Natasha
  2182 | D:2      | Noticed Sigmund
  2395 | D:1      | Learned a level 1 spell: Shock
  2462 | D:3      | Noticed an ice beast
  3003 | D:2      | Found Neiriph's Distillery.
  3264 | D:1      | Learned a level 3 spell: Swiftness
  3375 | D:3      | Reached XP level 4. HP: 31/33 MP: 2/8
  3864 | D:3      | Reached skill level 1 in Air Magic
  5481 | D:3      | Killed an ice beast
  5482 | D:3      | Reached XP level 5. HP: 33/38 MP: 0/9
  6235 | D:4      | Noticed a black bear
  7836 | D:2      | Killed Sigmund
  7837 | D:2      | Reached XP level 6. HP: 44/44 MP: 9/12
  8202 | D:2      | Identified the +0 helmet "Xuudalore" {rF- Str+5 SInv
                  | Stlth-}
  8202 | D:2      | Noticed Robin
  8226 | D:2      | Killed Robin
  8388 | D:2      | Killed Natasha
  8495 | D:2      | Noticed Natasha
  8501 | D:2      | Killed Natasha
  8890 | D:2      | Found a faded altar of an unknown god.
  8953 | D:2      | Found Neiriph's Distillery.
  9000 | D:2      | Noticed Natasha
  9005 | D:2      | Killed Natasha
  9006 | D:2      | Reached XP level 7. HP: 50/50 MP: 8/13
  9130 | D:2      | Found a faded altar of an unknown god.
  9325 | D:2      | Learned a level 4 spell: Airstrike
  9471 | D:4      | Reached skill level 5 in Air Magic
  9599 | D:5      | Entered Level 5 of the Dungeon
 10168 | D:5      | Reached skill level 5 in Spellcasting
 10574 | D:5      | Reached XP level 8. HP: 56/56 MP: 6/16
 10781 | D:6      | Found a staircase to the Ecumenical Temple.
 10856 | Temple   | Entered the Ecumenical Temple
 10865 | Temple   | Became a worshipper of Ashenzari the Shackled
 11768 | D:6      | Found Hadixuiv's Book Shoppe.
 11951 | D:7      | Noticed TobyConnect's ghost (novice DsCj)
 11952 | D:7      | Noticed a slime creature
 11953 | D:7      | Found a runed translucent gate.
 11953 | D:7      | Found a runed translucent gate.
 11968 | D:7      | Found a runed translucent gate.
 11993 | D:7      | Noticed a kobold demonologist
 11997 | D:7      | Killed a kobold demonologist
 11998 | D:7      | Reached skill level 1 in Evocations
 12096 | D:7      | Noticed a kobold demonologist
 12099 | D:7      | Killed a kobold demonologist
 12100 | D:7      | Reached XP level 9. HP: 65/65 MP: 4/18
 12256 | D:7      | Found a flagged portal.
 12324 | Bailey   | Entered a bailey
 12789 | Bailey   | Reached skill level 5 in Evocations
 13243 | Bailey   | Found the amulet of Vitality {Regen++ RegenMP++}
 13701 | D:7      | Identified the +2 robe of Autumn {*Corrode Regen+ Stlth+}
 13958 | D:8      | Found a hazy altar of Hepliaklqana.
 14086 | D:8      | Noticed Erica
 14090 | D:8      | Killed Erica
 14091 | D:8      | Reached skill level 5 in Conjurations
 14091 | D:8      | Reached XP level 10. HP: 71/71 MP: 9/22
 14243 | D:8      | Found a radiant altar of Vehumet.
 14374 | D:8      | Noticed a two-headed ogre
 14577 | D:8      | Found a shimmering altar of Xom.
 14577 | D:8      | Found a stormy altar of Qazlal.
 14577 | D:8      | Found a burning altar of Makhleb.
 14577 | D:8      | Found a hide-covered altar of Uskayaw.
 14653 | D:8      | Killed a two-headed ogre
 14654 | D:8      | Reached skill level 10 in Spellcasting
 14665 | D:8      | Reached * piety under Ashenzari
 14955 | D:9      | Found a runed translucent gate.
 14962 | D:9      | Found a runed translucent door.
 14963 | D:9      | Noticed a wolf spider
 14966 | D:9      | Found a runed translucent gate.
 15066 | D:9      | Found the +9 staff of Olgreb {rPois∞}
 15067 | D:9      | Found a runed translucent door.
 15090 | D:9      | Noticed a black mamba
 15105 | D:9      | Reached ** piety under Ashenzari
 15125 | D:9      | Noticed Pikel
 15129 | D:9      | Killed Pikel
 15328 | D:9      | Found a runed translucent gate.
 15469 | D:9      | Reached XP level 11. HP: 77/77 MP: 25/25
 15663 | D:10     | Entered Level 10 of the Dungeon
 16061 | D:10     | Reached *** piety under Ashenzari
 16077 | D:10     | Found a staircase to the Orcish Mines.
 16370 | D:6      | Bought a book of Lightning for 468 gold pieces
 16376 | D:6      | Learned a level 5 spell: Arcjolt
 16690 | D:10     | Reached skill level 1 in Armour
 16835 | D:11     | Reached **** piety under Ashenzari
 16905 | D:11     | Noticed Harold
 16908 | D:11     | Killed Harold
 16909 | D:11     | Reached skill level 5 in Dodging
 17078 | D:11     | Found a staircase to the Lair.
 17584 | D:11     | Found the +10 tower shield of Ignorance {rN+ Int-4}
 17588 | D:11     | Found a runed translucent door.
 17642 | D:11     | Found a runed translucent door.
 17919 | D:11     | Noticed an orange crystal statue
 17979 | Lair:1   | Entered Level 1 of the Lair of Beasts
 18002 | Lair:1   | Noticed a death yak
 18003 | Lair:1   | Noticed a death yak
 18004 | Lair:1   | Noticed a death yak
 18011 | Lair:1   | Killed a death yak
 18012 | Lair:1   | Reached XP level 12. HP: 83/83 MP: 16/26
 18013 | Lair:1   | Killed a death yak
 18015 | Lair:1   | Killed a death yak
 18789 | Lair:2   | Reached skill level 5 in Fighting
 18880 | Lair:2   | Found a staircase to the Swamp.
 19462 | Lair:3   | Reached skill level 1 in Summonings
 19514 | Lair:3   | Found an iron altar of Okawaru.
 19792 | Lair:3   | Reached skill level 2 in Summonings
 19803 | Lair:3   | Gained mutation: You are strongly in touch with the powers
                  | of death. [Mummy growth]
 19803 | Lair:3   | Reached XP level 13. HP: 95/95 MP: 16/28
 19824 | Lair:3   | Found a hole to the Spider Nest.
 20337 | Lair:4   | Reached ***** piety under Ashenzari
 20386 | Lair:4   | Reached skill level 3 in Summonings
 20390 | Lair:4   | Reached skill level 4 in Summonings
 20481 | Lair:4   | Reached skill level 5 in Summonings
 20591 | Lair:4   | Reached skill level 6 in Summonings
 20825 | Lair:4   | Learned a level 5 spell: Summon Forest
 20832 | Lair:4   | Learned a level 6 spell: Summon Cactus Giant
 20838 | Lair:4   | Learned a level 5 spell: Summon Mana Viper
 20945 | Lair:4   | Reached skill level 1 in Hexes
 20968 | Lair:4   | Reached skill level 7 in Summonings
 20968 | Lair:4   | Reached skill level 1 in Translocations
 21584 | Lair:5   | Entered Level 5 of the Lair of Beasts
 21759 | Lair:5   | Found a dark tunnel.
 21768 | Volcano  | Entered a volcano
 21826 | Lair:5   | Reached XP level 14. HP: 113/113 MP: 14/33
 22212 | Lair:5   | Found a viscous altar of Jiyva.
 22212 | Lair:5   | Found a staircase to the Slime Pits.
 22362 | Lair:5   | Reached skill level 8 in Summonings
 23087 | D:12     | Reached skill level 9 in Summonings
 23098 | D:12     | Found the +18 Lear's hauberk
 23117 | D:12     | Noticed Gastronok
 23124 | D:12     | Killed Gastronok
 23238 | D:12     | Noticed Josephine
 23241 | D:12     | Killed Josephine
 23595 | D:12     | Noticed Urug
 23599 | D:12     | Killed Urug
 23600 | D:12     | Reached skill level 10 in Summonings
 24226 | D:12     | Identified the +11 halberd "Akkiraf" {holy, rElec rF-
                  | Stlth+}
 24687 | D:13     | Reached skill level 5 in Armour
 25067 | D:13     | Reached skill level 1 in Shields
 25535 | D:13     | Found a gate to the Vaults.
 25882 | Orc:1    | Entered Level 1 of the Orcish Mines
 25895 | D:10     | Reached XP level 15. HP: 120/120 MP: 2/34
 26597 | Orc:2    | Entered Level 2 of the Orcish Mines
 26684 | Orc:2    | Reached skill level 11 in Summonings
 26780 | Orc:2    | Found a gate leading to a gauntlet.
 26787 | Gauntlet | Entered a Gauntlet
 26787 | Gauntlet | Found a transporter.
 26799 | Gauntlet | Found a transporter.
 26811 | Gauntlet | Found a transporter.
 26816 | Gauntlet | Found a transporter.
 26831 | Gauntlet | Identified the amulet of Deudediy {Reflect rC- Str-4 Int+5
                  | SH+5 Stlth+}
 26833 | Gauntlet | Found a transporter.
 26850 | Gauntlet | Found a transporter.
 26861 | Gauntlet | Identified the amulet of Yqolui {Faith rF+ Str+3 Slay+4}
 26862 | Gauntlet | Found a transporter.
 26868 | Gauntlet | Found a transporter.
 26883 | Gauntlet | Found a transporter.
 26889 | Gauntlet | Found a transporter.
 26896 | Gauntlet | Identified the +7 sling "Ybepiam" {speed, Will++}
 26904 | Gauntlet | Found a transporter.
 26906 | Gauntlet | Found the +0 cloak of the Thief {Quiet Slay-3 SInv Stlth+}
 26916 | Gauntlet | Found a transporter.
 26917 | Gauntlet | Identified the ring "Hiedyomn" {rF+ rC+ Str+3 Dex-2 Stlth+}
 26933 | Gauntlet | Found a transporter.
 26933 | Gauntlet | Found a transporter.
 26955 | Gauntlet | Found a transporter.
 27008 | Gauntlet | Found a transporter.
 27010 | Gauntlet | Found a runed translucent gate.
 27010 | Gauntlet | Found a runed translucent gate.
 27010 | Gauntlet | Found a runed translucent gate.
 27013 | Gauntlet | Found a large runed translucent door.
 27013 | Gauntlet | Found a large runed translucent door.
 27013 | Gauntlet | Found a large runed translucent door.
 27013 | Gauntlet | Found a large runed translucent door.
 27016 | Gauntlet | Found a large runed translucent door.
 27016 | Gauntlet | Found a large runed translucent door.
 27017 | Gauntlet | Found a large runed translucent door.
 27017 | Gauntlet | Found a large runed translucent door.
 27020 | Gauntlet | Found a large runed translucent door.
 27020 | Gauntlet | Found a large runed translucent door.
 27020 | Gauntlet | Found a runed translucent door.
 27020 | Gauntlet | Found a runed translucent door.
 27021 | Gauntlet | Found a large runed translucent door.
 27022 | Gauntlet | Found a large runed translucent door.
 27031 | Gauntlet | Found a large runed translucent door.
 27031 | Gauntlet | Found a large runed translucent door.
 27032 | Gauntlet | Found a large runed translucent door.
 27033 | Gauntlet | Found a large runed translucent door.
 27033 | Gauntlet | Found a transporter.
 27057 | Gauntlet | Found a transporter.
 27454 | Orc:2    | Found a staircase to the Elven Halls.
 28237 | Orc:2    | Found Nijanuoz's Weapon Boutique.
 28240 | Orc:2    | Found Yfemimuc's Antique Weapon Shop.
 28241 | Orc:2    | Found Asoco's Antique Weapon Boutique.
 28242 | Orc:2    | Found Dujiuf's General Store.
 28408 | Orc:1    | Found a burning altar of Makhleb.
 29024 | D:14     | Found a shimmering blue altar of Sif Muna.
 29296 | D:15     | Entered Level 15 of the Dungeon
 29451 | D:15     | Found a staircase to the Depths.
 29491 | D:15     | Reached skill level 5 in Shields
 29695 | Swamp:1  | Entered Level 1 of the Swamp
 29747 | Swamp:1  | Found a glacial archway.
 29751 | IceCv    | Entered an ice cave
 30337 | IceCv    | Noticed a white draconian knight
 30575 | IceCv    | Killed a white draconian knight
 30617 | IceCv    | Identified the amulet of Puabu {Spirit Will+ Dex+5}
 30638 | IceCv    | Reached XP level 16. HP: 81/130 MP: 4/36
 30681 | IceCv    | Identified the ring of Goassuvvech {rN+ Dex+3 Stlth+}
 31422 | Swamp:1  | Noticed Frances
 31436 | Swamp:1  | Killed Frances
 31614 | Swamp:2  | Identified the serpent talisman of Apathy {rElec rF- rC+
                  | rCorr}
 31614 | Swamp:2  | Noticed Aizul
 31626 | Swamp:2  | Killed Aizul
 32224 | Swamp:3  | Noticed a tentacled monstrosity
 32224 | Swamp:3  | Identified the staff "Beastslayer" {rF+ Will+ Int-4 Stlth+
                  | Fire}
 32224 | Swamp:3  | Identified the ring of Rinesy {rPois rC+ rN++ Will+ Stlth+}
 32224 | Swamp:3  | Found a transporter.
 32240 | Swamp:3  | Killed a tentacled monstrosity
 32241 | Swamp:3  | Noticed a thorn hunter
 32465 | Swamp:3  | Reached skill level 12 in Summonings
 32481 | Swamp:3  | Identified the +4 hand axe "Zujialuj" {flame, ^Drain rF+
                  | rCorr}
 32555 | Swamp:3  | Found a transporter.
 32758 | Swamp:3  | Noticed a tentacled monstrosity
 32780 | Swamp:3  | Killed a tentacled monstrosity
 33073 | Swamp:4  | Entered Level 4 of the Swamp
 33112 | Swamp:4  | Reached skill level 13 in Summonings
 33382 | Swamp:4  | Reached XP level 17. HP: 136/136 MP: 12/37
 33425 | Swamp:4  | Reached skill level 14 in Summonings
 33680 | Swamp:4  | Found the +5 Storm Queen's Shield {shock, Fly rElec}
 33691 | Swamp:4  | Got a decaying rune of Zot
 33995 | Spider:1 | Entered Level 1 of the Spider Nest
 34013 | Spider:1 | Reached skill level 15 in Summonings
 34062 | Lair:3   | Found an iron altar of Okawaru.
 34787 | Orc:2    | Bought a shimmering dagger for 210 gold pieces
 34787 | Orc:2    | Identified the +4 dagger "Lebalown" {holy, rElec rC+ rCorr}
                  | (You bought it in a shop on level 2 of the Orcish Mines)
 34788 | Orc:2    | Bought a jewelled war axe for 255 gold pieces
 34788 | Orc:2    | Identified the +4 war axe of Excruciating Pain {heavy,
                  | *Noise ^Drain rC+++ Stlth+} (You bought it in a shop on
                  | level 2 of the Orcish Mines)
 35216 | D:15     | Found a runed translucent door.
 35217 | D:15     | Noticed Taqeg's ghost (journeyman MfSh)
 35219 | D:15     | Found a hazy altar of Hepliaklqana.
 36137 | Elf:1    | Entered Level 1 of the Elven Halls
 36213 | Elf:1    | Reached skill level 16 in Summonings
 36556 | Elf:1    | Noticed Norris
 36561 | Elf:1    | Killed Norris
 36766 | Elf:1    | Reached XP level 18. HP: 143/143 MP: 28/38
 36879 | Elf:1    | Found Hyovasog's Armour Emporium.
 37207 | Elf:2    | Found Domuggue's General Store.
 37255 | Elf:2    | Found a flickering gateway to a bazaar.
 37260 | Bazaar   | Entered a bazaar
 37260 | Bazaar   | Found Lagar's Assorted Antiques.
 37260 | Bazaar   | Found Fasiloan's Jewellery Shop.
 37260 | Bazaar   | Found Jamiar's Antique Armour Shoppe.
 37260 | Bazaar   | Found Dijed's Assorted Antiques.
 37262 | Bazaar   | Found Eqerilar's Antique Armour Shoppe.
 37262 | Bazaar   | Found Qoddouc's Armour Boutique.
 37284 | Bazaar   | Bought a scroll of revelation for 187 gold pieces
 37284 | Bazaar   | Bought a scroll labelled POFULU WOSECEP for 25 gold pieces
 37284 | Bazaar   | Acquired 620 gold pieces
 37289 | Bazaar   | Bought the +0 pair of boots "Zuseoxim" {rElec rN++ Regen+
                  | Slay-4} for 85 gold pieces
 37289 | Bazaar   | Bought the +0 troll leather armour "Piwim" {^Contam rF+ rC+
                  | Will+++ Regen+} for 408 gold pieces
 37314 | Bazaar   | Bought a scroll of amnesia for 96 gold pieces
 37314 | Bazaar   | Bought a scroll of revelation for 180 gold pieces
 37320 | Bazaar   | Bought a pair of glowing gloves for 270 gold pieces
 37464 | Elf:2    | Paralysed by an air elemental for 1 turns
 37468 | Elf:2    | Paralysed by an air elemental for 1 turns
 37472 | Elf:2    | Paralysed by an air elemental for 1 turns
 37478 | Elf:2    | Paralysed by an air elemental for 1 turns
 37510 | Elf:2    | Found Fereroh's Self-Improvement Boutique.
 37532 | Elf:2    | Reached skill level 10 in Shields
 37689 | Elf:2    | Found a runed translucent gate.
 37689 | Elf:2    | Found a runed translucent gate.
 37690 | Elf:2    | Found a runed translucent gate.
 38083 | Elf:3    | Entered Level 3 of the Elven Halls
 38143 | Elf:3    | Paralysed by an air elemental for 1 turns
 38155 | Elf:3    | Found a flickering gateway to a bazaar.
 38195 | Bazaar   | Entered a bazaar
 38195 | Bazaar   | Found Otolo's Book Emporium.
 38200 | Bazaar   | Found Reohul's General Store.
 38212 | Bazaar   | Found Efokit's Magic Scroll Shop.
 38217 | Bazaar   | Bought a scroll of blinking for 142 gold pieces
 38257 | Bazaar   | Found Nozuom's General Store.
 38265 | Bazaar   | Bought a scroll of teleportation for 33 gold pieces
 38265 | Bazaar   | Bought a scroll of silence for 104 gold pieces
 38265 | Bazaar   | Bought a scroll of enchant armour for 82 gold pieces
 38265 | Bazaar   | Bought the +7 scale mail of the Pink Corner {rElec rF+
                  | rCorr SInv} for 767 gold pieces
 38317 | Bazaar   | Bought a scroll of enchant armour for 142 gold pieces
 38317 | Bazaar   | Bought 3 scrolls of teleportation for 171 gold pieces
 38317 | Bazaar   | Bought a scroll of teleportation for 57 gold pieces
 38317 | Bazaar   | Bought a scroll of teleportation for 57 gold pieces
 39172 | Elf:3    | Identified the +1 scale mail of Atheism {-Tele rPois rC+}
 39176 | Elf:3    | Reached skill level 17 in Summonings
 39343 | Elf:3    | Identified the +11 dagger "Vopam" {speed, rN+ rCorr}
 39515 | Elf:3    | Identified the granite talisman of Articulation {Will+}
 39617 | Elf:3    | Identified the ring "Myifaaj" {Wiz rCorr Str-2 Slay+5
                  | Stlth-}
 39988 | Lair:3   | Found a hole to the Spider Nest.
 40384 | Spider:1 | Reached XP level 19. HP: 149/149 MP: 29/39
 40563 | Spider:1 | Acquired 590 gold pieces
 40802 | Spider:2 | Reached skill level 10 in Dodging
 42411 | Spider:3 | Identified the +0 robe of Foolhardiness {rC- Int+2 Dex+5}
 42572 | Spider:4 | Entered Level 4 of the Spider Nest
 42611 | Spider:4 | Noticed Arachne
 42638 | Spider:4 | Killed Arachne
 43330 | Spider:4 | Reached skill level 18 in Summonings
 43387 | Spider:4 | Got a gossamer rune of Zot
 43821 | Vaults:1 | Entered Level 1 of the Vaults
 43869 | Vaults:1 | Found Hismy's Armour Boutique.
 44126 | Vaults:1 | Identified the +3 robe of the Accordion {rF- Int+3 Dex+7}
 44126 | Vaults:1 | Noticed Boris
 44185 | Vaults:1 | Killed Boris
 44192 | Vaults:1 | Reached XP level 20. HP: 160/160 MP: 20/41
 44234 | Vaults:1 | Reached skill level 10 in Fighting
 44344 | Vaults:1 | Identified the +7 dagger "Beimiuma" {speed, Dex+3}
 44444 | Vaults:1 | Learned a level 9 spell: Dragon's Call
 44965 | Vaults:1 | Found a shimmering blue altar of Sif Muna.
 45035 | Vaults:1 | Identified the Papyrus of Vapourous Decomposition
 45520 | Vaults:2 | Found a staircase to the Crypt.
 45828 | Vaults:2 | Found Sitziy's Jewellery Boutique.
 47073 | Vaults:3 | Reached skill level 15 in Spellcasting
 47153 | Vaults:3 | Reached skill level 19 in Summonings
 47900 | Vaults:4 | Found Syfi's General Store.
 48011 | Vaults:4 | Bought a scroll of summoning for 152 gold pieces
 48145 | Vaults:4 | Reached XP level 21. HP: 148/171 MP: 36/45
 48165 | Vaults:4 | Found a portal to a secret trove of treasure.
 48231 | Vaults:4 | Noticed Sojobo
 48243 | Vaults:4 | Killed Sojobo
 48489 | Vaults:4 | Reached skill level 20 in Summonings
 48862 | Vaults:4 | Noticed Margery
 48870 | Vaults:4 | Killed Margery
 49038 | Vaults:4 | Noticed Jory
 49059 | Vaults:4 | Killed Jory
 49237 | Vaults:4 | Reached ****** piety under Ashenzari
 49922 | Orc:2    | Bought a book of Power for 546 gold pieces
 49930 | Orc:2    | Learned a level 7 spell: Spellforged Servitor
 49937 | Orc:2    | Learned a level 6 spell: Bombard
 50273 | Vaults:5 | Entered Level 5 of the Vaults
 50287 | Vaults:5 | Reached skill level 1 in Earth Magic
 50319 | Vaults:5 | Noticed a golden dragon
 50339 | Vaults:5 | Killed a golden dragon
 50601 | Vaults:5 | Reached XP level 22. HP: 171/183 MP: 9/47
 50652 | Vaults:5 | Noticed an ancient lich
 50670 | Vaults:5 | Killed an ancient lich
 50793 | Vaults:5 | Identified the ring "Pogeetuc" {Will++ EV+5}
 50820 | Vaults:5 | Identified the Encyclopedia of Transportation
 50821 | Vaults:5 | Identified the Tractate on Corresponding Alteration
 50821 | Vaults:5 | Identified the +4 great mace of Usmumn {spect, Dex+4}
 50823 | Vaults:5 | Identified the amulet of Eredit {Reflect rPois Dex+3 SH+5}
 50926 | Vaults:5 | Found the +13 scythe of Curses {drain, curses, ^Drain}
 51172 | Vaults:5 | Reached skill level 5 in Earth Magic
 51431 | Vaults:5 | Identified the +4 chain mail of Zuatar {rElec}
 51657 | Vaults:5 | Got a silver rune of Zot
 51771 | Vaults:5 | Identified Momireaw's Papyrus of Creative Algor
 51772 | Vaults:5 | Identified the amulet of Esof Piu {Reflect Regen+ SH+5}
 52280 | Slime:1  | Entered Level 1 of the Pits of Slime
 52321 | Slime:5  | Entered Level 5 of the Pits of Slime
 52437 | Slime:5  | Noticed the Royal Jelly
 52439 | Slime:5  | Killed the Royal Jelly
 52643 | Slime:5  | Got a starry gem with 239 turns to spare
 52654 | Slime:5  | Got a slimy rune of Zot
 52773 | Slime:5  | Identified the +7 spear of Neitin {flame, Int+5}
 52774 | Slime:5  | Identified Loecs's Disquisition on the Queen Bee
 52862 | Slime:5  | Identified the +1 robe "Lacaf" {*Corrode Str-4 Dex+6
                  | Archmagi}
 52933 | Slime:5  | Identified the +3 war axe "Zititsoi" {drain, rF+}
 53415 | Depths:1 | Entered Level 1 of the Depths
 53415 | Depths:1 | Noticed a caustic shrike
 53415 | Depths:1 | Noticed a caustic shrike
 53415 | Depths:1 | Noticed a caustic shrike
 53415 | Depths:1 | Found Maonlaym's Book Emporium.
 53416 | Depths:1 | Noticed a caustic shrike
 53416 | Depths:1 | Noticed a caustic shrike
 53420 | Depths:1 | Identified the +2 robe of the Old World {Archmagi}
 53420 | Depths:1 | Noticed Boris
 53426 | Depths:1 | Killed a caustic shrike
 53427 | Depths:1 | Killed a caustic shrike
 53428 | Depths:1 | Killed a caustic shrike
 53432 | Depths:1 | Killed a caustic shrike
 53433 | Depths:1 | Killed Boris
 53434 | Depths:1 | Killed a caustic shrike
 53589 | Depths:1 | Reached XP level 23. HP: 192/192 MP: 44/49
 53600 | Depths:1 | Found a shadowy altar of Dithmenos.
 53658 | Depths:1 | Found a one-way gate to the infinite horrors of the Abyss.
 53698 | Depths:1 | Voluntarily entered the Abyss.
 53822 | Abyss:2  | Found a corrupted altar of Lugonu.
 53826 | Abyss:2  | Found a corrupted altar of Lugonu.
 53826 | Abyss:2  | Found a corrupted altar of Lugonu.
 53843 | Abyss:3  | Found a corrupted altar of Lugonu.
 53914 | Abyss:4  | Found a corrupted altar of Lugonu.
 53953 | Abyss:4  | Got an abyssal rune of Zot
 53974 | Abyss:4  | Found a corrupted altar of Lugonu.
 54034 | Depths:1 | Escaped the Abyss
 54097 | Depths:1 | Found a stormy altar of Qazlal.
 54134 | Depths:1 | Noticed Asterion
 54138 | Depths:1 | Killed Asterion
 54258 | Depths:1 | Found a gateway to Hell.
 54258 | Depths:1 | Identified the +0 chain mail of Gozag's Respect {rC++
                  | Will++ Int-2}
 54583 | Depths:2 | Learned a level 5 spell: Irradiate
 54611 | Depths:2 | Identified Sif Muna's Elucidation of Fettered Stones
 54613 | Depths:2 | Identified the Exposition on the Feathery Crypt
 54613 | Depths:2 | Noticed Deaqeck's ghost (veteran DgCj)
 54618 | Depths:2 | Identified the Octavo of Parallel Earth
 54619 | Depths:2 | Identified the Almanac of the Hiemal Fairies
 54710 | Depths:2 | Found a runed translucent gate.
 54715 | Depths:2 | Found a runed translucent gate.
 54886 | Depths:2 | Found a one-way gate leading to the halls of Pandemonium.
 55116 | Depths:2 | Noticed a caustic shrike
 55124 | Depths:2 | Killed a caustic shrike
 55214 | Depths:2 | Found a runed translucent gate.
 55556 | Vaults:4 | You paid a toll of +5 fire dragon scales to enter a
                  | treasure trove
 55557 | Trove    | Entered a treasure trove
 55565 | Trove    | Identified the +1 hat of the Eternal Void {Will+ Regen+
                  | Int+3 Slay+3}
 55584 | Trove    | Identified the +4 short sword of Ozxit {flame, rF++ Str-2}
 55584 | Trove    | Identified the +9 spear of Yrykor {drain, rF+++ Will+
                  | Int-5}
 55585 | Trove    | Identified the +2 rapier of the Gloaming {flame, ^Fragile
                  | Dex+8 Stlth+}
 56099 | Depths:3 | Reached skill level 15 in Fighting
 56110 | Depths:3 | Found Bidwoika's Book Shop.
 56146 | Depths:3 | Found Keopnodgh's Book Shop.
 56838 | Depths:3 | Reached skill level 10 in Evocations
 56838 | Depths:3 | Reached XP level 24. HP: 210/210 MP: 42/52
 56902 | Depths:4 | Entered Level 4 of the Depths
 56906 | Depths:4 | Found a one-way gateway to a ziggurat.
 56906 | Depths:4 | Identified the +3 robe of the Evening Star {Harm rF+}
 56906 | Depths:4 | Noticed Boris
 56913 | Depths:4 | Killed Boris
 57215 | Depths:4 | Found a gate to the Realm of Zot.
 57284 | Depths:4 | Found a shimmering altar of Xom.
 57313 | Depths:4 | Noticed a juggernaut
 57317 | Depths:4 | Killed a juggernaut
 57518 | Depths:4 | Found a runed translucent gate.
 57542 | Depths:4 | Found a runed translucent gate.
 57542 | Depths:4 | Found a runed translucent gate.
 57542 | Depths:4 | Noticed Noatwadiu's ghost (veteran OnGl)
 57542 | Depths:4 | Identified the Secrets of Astrapomancy and the Shot
 57847 | Zot:1    | Entered Level 1 of the Realm of Zot
 57931 | Zot:2    | Noticed an orb of fire
 57935 | Zot:2    | Found a transporter.
 57936 | Zot:2    | Found a radiant altar of Vehumet.
 57936 | Zot:2    | Identified the ring "Itzarrug" {rF+ rC+ Str+2 Dex-5 SInv}
 57939 | Zot:2    | Noticed an ancient lich
 57947 | Zot:2    | Reached skill level 15 in Dodging
 58534 | Zot:4    | Noticed a Killer Klown
 58548 | Zot:4    | Killed a Killer Klown
 58725 | Zot:5    | Entered Level 5 of the Realm of Zot
 58752 | Zot:5    | Noticed an orb of fire
 58762 | Zot:5    | Killed an orb of fire
 58763 | Zot:5    | Reached XP level 25. HP: 217/217 MP: 37/53
 59375 | Zot:5    | Learned a level 7 spell: Malign Gateway
 59451 | Zot:5    | Noticed a Killer Klown
 59472 | Zot:5    | Noticed an orb of fire
 59482 | Zot:5    | Killed a Killer Klown
 59490 | Zot:5    | Killed an orb of fire
 59616 | Zot:5    | Noticed an orb of fire
 59617 | Zot:5    | Noticed an orb of fire
 59638 | Zot:5    | Killed an orb of fire
 59646 | Zot:5    | Killed an orb of fire
 59701 | Zot:5    | Noticed an ancient lich
 59704 | Zot:5    | Noticed a Killer Klown
 59721 | Zot:5    | Killed an ancient lich
 59723 | Zot:5    | Killed a Killer Klown
 59790 | Zot:5    | Noticed a dread lich
 59810 | Zot:5    | Killed a dread lich
 59810 | Zot:5    | Noticed an orb of fire
 59815 | Zot:5    | Noticed a Killer Klown
 59818 | Zot:5    | Killed an orb of fire
 59819 | Zot:5    | Reached skill level 5 in Translocations
 59819 | Zot:5    | Noticed an ancient lich
 59823 | Zot:5    | Killed a Killer Klown
 59826 | Zot:5    | Noticed an ancient lich
 59827 | Zot:5    | Noticed a Killer Klown
 59827 | Zot:5    | Killed an ancient lich
 59829 | Zot:5    | Noticed a Killer Klown
 59830 | Zot:5    | Killed an ancient lich
 59835 | Zot:5    | Killed a Killer Klown
 59840 | Zot:5    | Killed a Killer Klown
 60219 | Zot:5    | Got the Orb of Zot
 60334 | Zot:3    | Noticed a seraph
 60509 | Depths:1 | Identified the +4 robe of Trumpets {rC+ rN+}
 60509 | Depths:1 | Noticed Boris
 60512 | Depths:1 | Killed Boris
 60612 | D:12     | Noticed Jimusch the pandemonium lord
 60617 | D:12     | Killed Jimusch the pandemonium lord
 60855 | D:1      | Noticed Qairghaaso the pandemonium lord
 60876 | D:1      | Killed Qairghaaso the pandemonium lord
 60911 | D:$      | Escaped with the Orb!

Illustrated notes

Levels and vault maps discovered:
D:1:      noname_arrival_rooms_in_the_neighbourhood, layout_basic
D:2:      layout_rooms, ebering_ecumenical_altar_petrified, serial_shops, shop,
          uniq_robin, uniq_natasha, uniq_sigmund
D:3:      layout_loops_ring, chequers_serial_rivers_room_a
D:4:      layout_gridville
D:5:      layout_basic, nicolae_overflow_hidden_temple,
          chequers_serial_rivers_micro_b
D:6:      layout_basic, minmay_temple_entry_sparse_star, serial_shops,
          kennysheep_mini
D:7:      layout_rooms, enter_bailey_8, gammafunk_ghost_split
D:8:      layout_basic, lemuel_crystal_altar, vehumet_crystals,
          chequers_temple_overflow_statue_of_worship, nicolae_fountain_basement,
          uniq_erica
D:9:      layout_stronghold, minmay_guarded_unrand_staff_of_olgreb, uniq_pikel
D:10:     layout_irregular_city, erik_orc_1
D:11:     layout_grid_maze, david_lair_shrubbed,
          chequers_guarded_unrand_ignorance, uniq_harold
D:12:     layout_stronghold, minmay_lindwurm_lava, uniq_urug, uniq_josephine,
          uniq_gastronok
D:13:     layout_layer_cave, david_vaults_2, eino_house_with_fridge
D:14:     layout_rooms, hellmonk_sif_muna_bookshelves
D:15:     hangedman_depths_entry_civil_slaughter, layout_basic,
          nicolae_hepliaklqana_hazy_memory, ebering_ghost_inner_flame,
          hangedman_decor_lopped
Temple:   nicolae_temple_bog_church
Lair:1:   layout_hall_layers, lemuel_fruit_tree
Lair:2:   layout_misc_corridors, skrybe_swamp_entry_bodies,
          infiniplex_staircase_pool_2, serial_bayou_shore_b
Lair:3:   layout_loops_ring, spider_nest_entry_a, basic_altar
Lair:4:   regret_index_harrowing_hell_hive, layout_regular_city,
          nicolae_lair_run_with_the_wolves
Lair:5:   evilmike_catoblepas_cave, layout_gridlike, slime_entry_1,
          nicolae_volcano_entry_batcave
Swamp:1:  layout_basic_swamp, portal_ice_cave_entry_pillars_2,
          evilmike_swamp_ruin_rubble_1, nicolae_swamp_bunyip_nook, uniq_frances
Swamp:2:  layout_basic_swamp, evilmike_swamp_ruin_house_1, swamp_pool_5,
          uniq_aizul
Swamp:3:  gammafunk_sealed_arena, layout_basic_swamp,
          evilmike_swamp_ruin_house_3
Swamp:4:  swamp, layout_basic_swamp, infiniplex_staircase_pool
Spider:1: layout_spider_delve, nicolae_spider_world_wide_web
Spider:2: layout_cave_pods, hangedman_spider_tarantella_strand
Spider:3: layout_spider_delve, hellmonk_motheaten_closet
Spider:4: hellmonk_spider_rune_endless_swarm, uniq_arachne
Slime:1:  layout_caves, cheibrodos_slime_lost_civilization_6
Slime:2:  layout_caves
Slime:3:  layout_caves
Slime:4:  layout_caves
Slime:5:  slime_pit_nicolae_inversion
Orc:1:    cheibrodos_orc_guarddog, layout_diamond_mine, basic_altar
Orc:2:    st_orc_pillars, layout_caves, gauntlet_entry_generic
Elf:1:    eino_elf_arrival_shootout, layout_geoelf_grid, serial_shops, shop,
          kennysheep_underground_church, uniq_norris
Elf:2:    elven_hall_of_blades_hangedman_original
          [infiniplex_blade_entry_pillars], layout_geoelf_octagon, serial_shops,
          bzr_entry_road, shop, minmay_strange_pillars, nicolae_shop_self_help
Elf:3:    minmay_elf_hall_curves, layout_gridlike, serial_shops, statue_bzr
Vaults:1: nicolae_vaults_cornered_office, v_misc_14,
          nicolae_vaults_windows_and_doors_thing,
          nicolae_vaults_taking_the_gang_shopping, vaults_standard_mumra_x,
          v_misc_13, serial_library_hellmonk_narrow_alcove,
          ontoclasm_vaults_hangar, nicolae_vaults_double_plus_1,
          nicolae_vaults_security_offices_1, nicolae_vaults_three_branches,
          nicolae_vaults_apartment_1, layout_vaults_chaotic_city, uniq_boris
Vaults:2: nicolae_vaults_network_s, nicolae_vaults_diagonal_hallway_8,
          nicolae_vaults_six-pack, nicolae_vaults_closet_pinwheel_2,
          ontoclasm_vaults_shuriken, nicolae_vaults_specimen_jars,
          minmay_crypt_entry_vampire_xt, nicolae_vaults_surprise_closet,
          hangedman_vaults_river_flow, v_misc_13, v_alt_pattern_6,
          nicolae_vaults_tetromino_L_1, layout_vaults_omnicross, serial_shops,
          nicolae_shop_tiny_waterfront
Vaults:3: vaults_standard_mumra_lines, nicolae_vaults_heart-shaped_vault,
          dpeg_vaults_monster_row, nicolae_vaults_twisting_passages,
          vaults_room_grid, nicolae_vaults_closet_pinwheel_3,
          nicolae_vaults_gold_heap, nicolae_vaults_tetromino_Z_1,
          nicolae_vaults_house_2, nicolae_vaults_alarming,
          nicolae_vaults_ring_of_whatevers, nicolae_vaults_two_Ls,
          vaults_room_fancy_cross, layout_vaults_omnibox
Vaults:4: nicolae_vaults_storage_room_doors, nicolae_vaults_house_2,
          vaults_dpeg_cross, vaults_room_boxed, grunt_vaults_swirl,
          hangedman_vaults_snaps, nicolae_vaults_closet_pinwheel_5,
          layout_vaults_quadrants, enter_trove_5, serial_shops,
          nicolae_shop_just_a_little_nook, uniq_sojobo, uniq_jory, uniq_margery
Vaults:5
Depths:1: layout_cave_shapes, lightli_too_deep, serial_shops,
          nicolae_shop_waterfront, abyss_entry,
          nicolae_qazlal_scattered_showers,
          nicolae_dithmenos_through_a_glass_darkly, uniq_asterion
Depths:2: nzn_winding_woodlands_medium [nzn_winding_woodlands_5x5_default,
          nzn_winding_woodlands_5x15_pool, nzn_winding_woodlands_5x5_default,
          nzn_winding_woodlands_hourglass,
          nzn_winding_woodlands_center_pierced_h,
          nzn_winding_woodlands_5x5_perimeter,
          nzn_winding_woodlands_5x5_open_star,
          nzn_winding_woodlands_5x15_default, nzn_winding_woodlands_5x5_three],
          layout_basic, rand_demon_pan_entry_9, hellmonk_ghost_time_enough,
          hell_entry
Depths:3: grated_community_mu [grated_community_mu_vampire_home,
          grated_community_mu_giant_home, grated_community_mu_spellcaster_home,
          grated_community_mu_orcish_home, grated_community_mu_troll_home,
          grated_community_mu_taur_home, grated_community_mu_unbuilt_plot],
          layout_cave_shapes, hellmouth_1, abyss_entry, serial_shops,
          nicolae_shop_real_fake_doors, shop, nicolae_the_louvre,
          infiniplex_staircase_door_maze
Depths:4: grunt_crosshair, layout_gridlike, enter_ziggurat_e, xom_redecorated,
          gammafunk_ghost_necromancy, hell_entry
Zot:1:    layout_gridlike, regret_index_zotdec_abyssal_contain_seething_sorcery,
          not_door_vault_due, grunt_megastairs_4
Zot:2:    gammafunk_sealed_library, layout_cathedral_of_symmetry
Zot:3:    regret_index_malice_mire, layout_twisted_circle
Zot:4:    layout_misc_corridors, skrybe_zot_glass_1,
          gammafunk_ghost_berserking_beasts, grunt_megastairs_3, uniq_parghit
Zot:5:    layout_basic

Skill      XL: |  1  2  3  4  5  6  7  8  9 10 11 12 13 14 15 16 17 18 19 20 21 22 23 24 25 |
---------------+----------------------------------------------------------------------------+-----
Stealth        | 2 3 4 |  4.0
Spellcasting   | 3 4 5 6 8 10 11 12 15 16 17 19 | 19.7
Fighting       | 1 2 4 6 7 8 9 11 12 13 15 16 | 16.5
Air Magic      | 2 4 6 7 9 |  9.0
Conjurations   | 4 5 7 |  7.2
Evocations     | 3 5 8 9 10 12 14 | 14.4
Dodging        | 3 6 7 9 10 11 12 14 16 17 | 17.4
Armour         | 3 5 7 9 |  9.5
Summonings     | 2 7 10 11 13 16 17 18 19 20 | 20.6
Hexes          | 1 |  1.8
Translocations | 1 5 |  5.5
Shields        | 1 6 8 9 11 12 | 12.9
Earth Magic    | 3 6 |  6.8

Action                     |  1- 3 |  4- 6 |  7- 9 | 10-12 | 13-15 | 16-18 | 19-21 | 22-24 | 25-27 || total
---------------------------+-------+-------+-------+-------+-------+-------+-------+-------+-------++-------
  Melee: Short sword       |     1 |     3 |    12 |       |       |       |       |       |       ||    16
         Staff             |       |     1 |     2 |     6 |    47 |   133 |   184 |   272 |    70 ||   715
  Throw: Dart              |       |       |     1 |       |     1 |       |       |       |       ||     2
   Cast: Magic Dart        |    98 |    50 |       |       |       |       |       |       |       ||   148
         Searing Ray       |     1 |     4 |       |       |       |       |       |       |       ||     5
         Shock             |       |    55 |   174 |   398 |   275 |    41 |     3 |       |       ||   946
         Airstrike         |       |       |    46 |   114 |   295 |   506 |   178 |    54 |    23 ||  1216
         Swiftness         |       |       |     2 |       |     1 |       |       |       |       ||     3
         Arcjolt           |       |       |       |    56 |   224 |   153 |   437 |    98 |    13 ||   981
         Summon Forest     |       |       |       |       |    13 |    33 |    15 |    11 |     4 ||    76
         Summon Cactus Gia |       |       |       |       |    17 |    22 |     8 |     2 |       ||    49
         Summon Mana Viper |       |       |       |       |     5 |    20 |     7 |     4 |     4 ||    40
         Dragon's Call     |       |       |       |       |       |       |    10 |    45 |    18 ||    73
         Spellforged Servi |       |       |       |       |       |       |     1 |     6 |     2 ||     9
         Bombard           |       |       |       |       |       |       |     1 |     2 |     4 ||     7
         Malign Gateway    |       |       |       |       |       |       |       |       |     5 ||     5
 Invoke: Curse Item        |       |       |     2 |     6 |     5 |     2 |     3 |     1 |       ||    19
         Shatter the Chain |       |       |     1 |       |     3 |     4 |       |     1 |       ||     9
  Evoke: Wand              |       |     2 |     2 |       |    21 |    26 |     5 |    11 |     9 ||    76
         Gell's gravitambo |       |       |       |     2 |     4 |     6 |     4 |     6 |     3 ||    25
         Lightning rod     |       |       |       |       |     6 |    17 |     6 |       |       ||    29
         Tin of tremorston |       |       |       |       |     3 |     5 |     5 |     5 |     1 ||    19
         Phantom mirror    |       |       |       |       |       |     1 |       |       |       ||     1
    Use: Scroll            |     1 |    10 |     2 |     2 |     3 |    12 |     5 |    22 |     5 ||    62
   Stab: Sleeping          |     1 |       |       |       |       |     2 |     2 |     1 |       ||     6
         Paralysed         |       |       |       |       |     3 |       |       |       |       ||     3
         Distracted        |       |       |       |       |     2 |     1 |     4 |    11 |     2 ||    20
 Armour: Robe              |    17 |    23 |    17 |       |       |       |       |       |       ||    57
         Leather armour    |       |       |    53 |   135 |   155 |       |       |       |       ||   343
         Fire dragon scale |       |       |       |       |   200 |   384 |       |       |       ||   584
         Troll leather arm |       |       |       |       |       |   108 |   385 |   407 |   131 ||  1031
         Scale mail        |       |       |       |       |       |     7 |       |       |       ||     7
  Dodge: Dodged            |    15 |    14 |    61 |   120 |   238 |   166 |   268 |   260 |   101 ||  1243
  Block: Kite shield       |       |       |       |       |    84 |   316 |   567 |   467 |   138 ||  1572

Table legend: (Time is in decaauts)
 A = Elapsed time spent in this place.
 B = Non-inter-level travel time spent in this place.
 C = Inter-level travel time spent in this place.
 D = Time resting spent in this place.
 E = Time spent auto-exploring this place.
 F = Levels seen in this place.
 G = Mean time per level.
                   A        B        C        D        E       F      G
               +--------+--------+--------+--------+--------+-----+--------+
         Total |  61496 |  54657 |   6839 |   7008 |  32707 |  64 |  960.9 |
       Dungeon |  23726 |  20269 |   3457 |   4960 |  10041 |  15 | 1581.7 |
        Temple |     18 |      2 |     16 |      0 |      0 |   1 |   18.0 |
          Lair |   5673 |   5069 |    604 |    168 |   3839 |   5 | 1134.6 |
         Swamp |   3437 |   3253 |    184 |     37 |   2438 |   4 |  859.2 |
   Spider Nest |   3734 |   3539 |    195 |      0 |   2688 |   4 |  933.5 |
    Slime Pits |    915 |    757 |    158 |     90 |    420 |   5 |  183.0 |
  Orcish Mines |   2678 |   1815 |    863 |     51 |   1215 |   2 | 1339.0 |
   Elven Halls |   3416 |   3259 |    157 |    163 |   2067 |   3 | 1138.7 |
        Vaults |   7818 |   7195 |    623 |     21 |   5393 |   5 | 1563.6 |
        Depths |   3890 |   3591 |    299 |     20 |   2574 |   4 |  972.5 |
           Zot |   2596 |   2317 |    279 |    566 |    773 |   5 |  519.2 |
         Abyss |    340 |    340 |      0 |     45 |     47 |   4 |   85.0 |
        Bazaar |    207 |    207 |      0 |     18 |     83 |   2 |  103.5 |
         Trove |     60 |     60 |      0 |      0 |     32 |   1 |   60.0 |
        Bailey |   1357 |   1357 |      0 |    570 |    507 |   1 | 1357.0 |
      Ice Cave |   1039 |   1039 |      0 |    237 |    277 |   1 | 1039.0 |
       Volcano |      3 |      3 |      0 |      0 |      0 |   1 |    3.0 |
      Gauntlet |    581 |    581 |      0 |     62 |    311 |   1 |  581.0 |
               +--------+--------+--------+--------+--------+-----+--------+

Top non-repeatable levels by time:
     D:3: 3168 daAuts
     D:1: 2789 daAuts
     D:2: 2382 daAuts
    D:11: 1852 daAuts
    D:13: 1792 daAuts
Vaults:5: 1742 daAuts
   Orc:2: 1707 daAuts
Vaults:4: 1684 daAuts
Vaults:1: 1664 daAuts
    D:12: 1600 daAuts
  Lair:3: 1536 daAuts
   Elf:3: 1501 daAuts
Vaults:3: 1462 daAuts
    D:10: 1418 daAuts
     D:4: 1399 daAuts
